[Event "Team 45 45 League T94"]
[Site "Internet Chess Club"]
[Date "2022.11.04"]
[Round "4"]
[White "WillC"]
[Black "julesraider"]
[Result "0-1"]
[WhiteElo "1574"]
[BlackElo "1590"]
[Opening "Queen's pawn game"]
[ECO "A46"]
[Time "16:00:58"]
[PlyCount "68"]
[TimeControl "2700+45"]

1. d4 Nf6 2. Nf3 e6 3. b3 d5 4. Bb2 Bd6 5. e3 O-O 6. Bd3 Nbd7 7. O-O c6 8. Nbd2
Qc7 9. c4 c5 10. Rc1 b6 11. cxd5 exd5 12. Ba3 a6 13. dxc5 bxc5 14. Bb2 Bb7 15.
Qe2 Rfe8 16. h3 h6 17. Nd4 Ne5 18. Nf5 Nxd3 19. Qxd3 Be5 20. Ba3 a5 21. Bxc5 Ba6
22. Qb1 Bxf1 23. Kxf1 Qd7 24. Nf3 Bb8 25. N3d4 Ne4 26. Qd3 Qc7 27. Ba3 Qh2 28.
Nf3 Qh1+ 29. Ke2 Qxg2 30. Rf1 Kh8 31. Bb2 f6 32. Qxd5 Bg3 33. N3h4 Nc3+ 34. Bxc3
Qxd5 {White resigns} 0-1

[Event "Team 45 45 League T94"]
[Site "Internet Chess Club"]
[Date "2022.11.05"]
[Round "4"]
[White "mongmong"]
[Black "BIRDSMAN"]
[Result "1-0"]
[WhiteElo "1532"]
[BlackElo "1267"]
[Opening "Queen's pawn: Yusupov-Rubinstein system"]
[ECO "A46"]
[Time "13:18:59"]
[PlyCount "71"]
[TimeControl "2700+45"]

1. d4 Nf6 2. Nf3 e6 3. e3 b6 4. Bd3 Bb7 5. Nbd2 d5 6. O-O Be7 7. Qe2 Nbd7 8. e4
dxe4 9. Nxe4 Nxe4 10. Bxe4 Bxe4 11. Qxe4 O-O 12. Bf4 Nf6 13. Qe2 c5 14. dxc5
Bxc5 15. Rfd1 Qc8 16. c4 Rd8 17. b3 Qb7 18. Rd3 Ne4 19. Be3 Bxe3 20. Qxe3 Nc5
21. Rd4 Qc7 22. Rad1 Nb7 23. h3 Rxd4 24. Rxd4 Rd8 25. Qd2 Rxd4 26. Qxd4 Qe7 27.
Ne5 Nd8 28. Qe4 Qd6 29. Qa8 Qd1+ 30. Kh2 Qd6 31. g3 Qd4 32. Kg2 a5 33. Nc6 Qe4+
34. Kh2 h6 35. Qxd8+ Kh7 36. Qxb6 {Black resigns} 1-0

[Event "Team 45 45 League T94"]
[Site "Internet Chess Club"]
[Date "2022.11.03"]
[Round "4"]
[White "sdcohle"]
[Black "WzeroMN"]
[Result "1-0"]
[WhiteElo "1309"]
[BlackElo "959"]
[Opening "Ruy Lopez: Anderssen variation"]
[ECO "C77"]
[Time "14:01:14"]
[PlyCount "35"]
[TimeControl "2700+45"]

1. e4 e5 2. Nf3 Nc6 3. Bb5 a6 4. Ba4 Nf6 5. d3 b5 6. Bb3 Bc5 7. O-O O-O 8. c3
Qe8 9. Re1 d6 10. Bc2 Bg4 11. h3 Bxf3 12. Qxf3 b4 13. Be3 Bxe3 14. Qxe3 Rb8 15.
Ba4 bxc3 16. bxc3 Rb6 17. Nd2 Qe6 18. Nc4 {Black resigns} 1-0

[Event "Team 45 45 League T94"]
[Site "Internet Chess Club"]
[Date "2022.11.06"]
[Round "4"]
[White "walkover"]
[Black "Lawkeito"]
[Result "1-0"]
[WhiteElo "1703"]
[BlackElo "1608"]
[Opening "Sicilian: Taimanov (Bastrikov) variation"]
[ECO "B47"]
[Time "13:00:52"]
[PlyCount "71"]
[TimeControl "2700+45"]

1. e4 c5 2. Nf3 e6 3. d4 cxd4 4. Nxd4 Nc6 5. Nc3 Qc7 6. f4 a6 7. Nxc6 Qxc6 8.
Bd3 Nf6 9. Qe2 Bb4 10. Bd2 O-O 11. a3 Bc5 12. O-O-O b5 13. e5 Nd5 14. Nxd5 exd5
15. Qh5 g6 16. Qh6 d6 17. e6 Bd4 18. f5 Bg7 19. Qh4 Qc7 20. e7 Re8 21. f6 Bh8
22. Rde1 Qd7 23. h3 a5 24. b3 Qc7 25. Rhf1 Ba6 26. Kb1 b4 27. Bxa6 Rxa6 28. a4
Qc5 29. Rc1 Rc6 30. c4 dxc4 31. Rxc4 Qd5 32. Rfc1 Rxc4 33. Qxc4 Qxd2 34. Qb5
Bxf6 35. Qxe8+ Kg7 36. Qf8# {Black checkmated} 1-0

[Event "Team 45 45 League T94"]
[Site "Internet Chess Club"]
[Date "2022.11.05"]
[Round "4"]
[White "manfredo"]
[Black "jfkingiii"]
[Result "0-1"]
[WhiteElo "1527"]
[BlackElo "1522"]
[Opening "KGA: bishop's gambit, Maurian defense"]
[ECO "C33"]
[Time "18:01:34"]
[PlyCount "20"]
[TimeControl "2700+45"]

1. e4 e5 2. f4 exf4 3. Bc4 Nc6 4. d4 d6 5. Bxf4 Qf6 6. Be3 Qh4+ 7. Kf1 Qxe4 8.
Qd2 Be6 9. Nc3 Qf5+ 10. Nf3 Bxc4+ {White resigns} 0-1

[Event "Team 45 45 League T94"]
[Site "Internet Chess Club"]
[Date "2022.11.03"]
[Round "4"]
[White "Gilguli"]
[Black "Denis240964"]
[Result "0-1"]
[WhiteElo "1384"]
[BlackElo "1414"]
[Opening "Vienna: Paulsen variation"]
[ECO "C25"]
[Time "16:07:35"]
[PlyCount "60"]
[TimeControl "2700+45"]

1. e4 e5 2. Nc3 Nc6 3. g3 Nf6 4. Bg2 Bc5 5. Nge2 d6 6. O-O O-O 7. h3 Nd4 8. d3
c6 9. Kh2 Be6 10. f4 Bd7 11. f5 h6 12. g4 Nh7 13. Ng3 b5 14. Nce2 Nxe2 15. Qxe2
Re8 16. Bd2 Bc8 17. Rf3 Bb7 18. Raf1 d5 19. Nh5 Ng5 20. Bxg5 Qxg5 21. f6 g6 22.
Ng7 Red8 23. Rg3 Rd6 24. Qf3 dxe4 25. dxe4 Rad8 26. Nf5 Rd2 27. h4 Qf4 28. Qc3
Rxg2+ 29. Kxg2 Rd2+ 30. Kh3 Qxf1+ {White resigns} 0-1

[Event "Team 45 45 League T94"]
[Site "Internet Chess Club"]
[Date "2022.11.05"]
[Round "4"]
[White "primerpaso"]
[Black "Davidorcinus"]
[Result "1-0"]
[WhiteElo "1806"]
[BlackElo "1776"]
[Opening "English: Anglo-Dutch defense"]
[ECO "A10"]
[Time "16:00:20"]
[PlyCount "103"]
[TimeControl "2700+45"]

1. c4 f5 2. Nc3 e5 3. g3 Nf6 4. Bg2 Bb4 5. Nf3 Bxc3 6. bxc3 d6 7. O-O O-O 8. d3
Nc6 9. Ba3 Qe8 10. Qb3 Kh8 11. Nd2 Qh5 12. e4 f4 13. Qd1 Qh6 14. f3 fxg3 15.
hxg3 Qe3+ 16. Rf2 Ng4 17. Qe2 Qxf2+ 18. Qxf2 Nxf2 19. Kxf2 b6 20. Ke3 Rf6 21. f4
Rg6 22. Kf2 exf4 23. gxf4 Bd7 24. Bf3 Rf8 25. Ke3 Rgf6 26. e5 Re8 27. Ne4 Rh6
28. d4 dxe5 29. dxe5 Na5 30. Bc1 Nxc4+ 31. Kd4 Bb5 32. Ng5 Rh4 33. Nf7+ Kg8 34.
Bd5 c5+ 35. Ke4 Kf8 36. a4 Ba6 37. Bxc4 Bxc4 38. Nd6 Be6 39. Nxe8 Kxe8 40. a5 b5
41. Be3 g6 42. Bxc5 a6 43. Rf1 Rh3 44. Be3 Kd7 45. Rd1+ Kc7 46. Rd6 Bf5+ 47. Kd4
Kb7 48. Rb6+ Kc7 49. Rxa6 Rh1 50. Kc5 Bd3 51. Rc6+ Kd7 52. Rd6+ {Black resigns}
1-0

[Event "Team 45 45 League T94"]
[Site "Internet Chess Club"]
[Date "2022.11.02"]
[Round "4"]
[White "hipopotamos"]
[Black "Portola"]
[Result "0-1"]
[WhiteElo "1730"]
[BlackElo "1699"]
[Opening "French: Schlechter variation"]
[ECO "C01"]
[Time "18:45:38"]
[PlyCount "72"]
[TimeControl "2700+45"]

1. e4 e6 2. d4 d5 3. Bd3 dxe4 4. Bxe4 Nf6 5. Bf3 Be7 6. Ne2 O-O 7. O-O Nbd7 8.
c4 c5 9. Be3 cxd4 10. Nxd4 Ne5 11. Be2 Bd7 12. Nc3 Bc6 13. Qc2 Neg4 14. Rad1 Qc7
15. g3 Nxe3 16. fxe3 Qe5 17. Qc1 h5 18. Nxc6 bxc6 19. Bf3 Rac8 20. Rfe1 Qg5 21.
a3 e5 22. Ne4 Nxe4 23. Bxe4 h4 24. Kg2 f5 25. Bf3 hxg3 26. hxg3 f4 27. exf4 exf4
28. g4 Qh4 29. Rd3 Bc5 30. Qd2 Qg3+ 31. Kh1 Be3 32. Qe2 Rcd8 33. Be4 Rxd3 34.
Bxd3 f3 35. Qf1 Qh4+ 36. Qh3 Qxh3# {White checkmated} 0-1

[Event "Team 45 45 League T94"]
[Site "Internet Chess Club"]
[Date "2022.11.05"]
[Round "4"]
[White "mongmong"]
[Black "qs16"]
[Result "1/2-1/2"]
[WhiteElo "1526"]
[BlackElo "1677"]
[Opening "Queen's pawn game"]
[ECO "D04"]
[Time "08:01:06"]
[PlyCount "127"]
[TimeControl "2700+45"]

1. d4 Nf6 2. Nf3 d5 3. e3 b6 4. Bd3 Bb7 5. Ne5 e6 6. Nd2 Be7 7. Ndf3 Ne4 8. h3
O-O 9. O-O Nd7 10. Nxd7 Qxd7 11. c3 Bd6 12. Qe2 h6 13. Bd2 Qe7 14. Rfc1 c5 15.
Ba6 Nxd2 16. Nxd2 c4 17. Bxb7 Qxb7 18. e4 Bf4 19. e5 Rae8 20. Rd1 Bxd2 21. Qxd2
f6 22. f4 fxe5 23. fxe5 Rf7 24. Qe2 Ref8 25. Rf1 Qe7 26. Rxf7 Rxf7 27. Rf1 Qg5
28. a3 Rf4 29. Rxf4 Qxf4 30. Qf2 Qg5 31. g3 b5 32. Kg2 Qg6 33. Qf4 Qc2+ 34. Qf2
Qb1 35. h4 a5 36. Kf3 Qd3+ 37. Qe3 Qf5+ 38. Kg2 Kf7 39. Qf3 Kg6 40. g4 Qc2+ 41.
Qf2 Qe4+ 42. Qf3 Qc2+ 43. Qf2 Qxf2+ 44. Kxf2 h5 45. Kg3 Kh6 46. Kf4 hxg4 47.
Kxg4 Kg6 48. h5+ Kh6 49. Kh4 g6 50. hxg6 Kxg6 51. Kg4 a4 52. Kf4 Kh5 53. Ke3 Kg5
54. Ke2 Kg4 55. Ke3 Kg3 56. Ke2 Kf4 57. Kf2 Ke4 58. Ke2 Kf4 59. Kf2 Kg4 60. Kg2
Kh4 61. Kh2 Kg4 62. Kg2 Kf4 63. Kf2 Kg4 64. Kg2 {Game drawn by repetition}
1/2-1/2

[Event "Team 45 45 League T94"]
[Site "Internet Chess Club"]
[Date "2022.11.07"]
[Round "4"]
[White "BlueStorm"]
[Black "jjmolina1"]
[Result "1-0"]
[WhiteElo "1567"]
[BlackElo "1452"]
[Opening "Ruy Lopez: exchange variation"]
[ECO "C68"]
[Time "13:00:19"]
[PlyCount "127"]
[TimeControl "2700+45"]

1. e4 e5 2. Nf3 Nc6 3. Bb5 a6 4. Bxc6 dxc6 5. d3 f6 6. Be3 Bg4 7. Nbd2 Bb4 8. c3
Ba5 9. h3 Bh5 10. Qb3 b5 11. Qe6+ Ne7 12. O-O-O Bf7 13. Qg4 O-O 14. Kc2 Bb6 15.
b3 Qd6 16. Kb2 Rad8 17. d4 Ng6 18. dxe5 Nxe5 19. Nxe5 Qxe5 20. Bh6 Bg6 21. Bf4
Qc5 22. Be3 Qe7 23. Bxb6 cxb6 24. Qe2 Rd7 25. h4 Rfd8 26. h5 Bf7 27. Nf3 Rxd1
28. Rxd1 Rxd1 29. Qxd1 Bxh5 30. Qd4 c5 31. Qd5+ Bf7 32. Qa8+ Be8 33. Qxa6 Qxe4
34. Qxb6 Qe2+ 35. Ka3 Qe7 36. Qb8 Kf7 37. Qf4 Qa7+ 38. Kb2 Kg8 39. Qd6 h6 40.
Qe6+ Bf7 41. Qc8+ Kh7 42. Qf5+ Kg8 43. Qc8+ Kh7 44. Qf5+ Bg6 45. Qd5 c4 46. Nd4
cxb3 47. axb3 Bf7 48. Qxb5 Qa8 49. f3 Bg6 50. Qd7 Qb8 51. Ne6 Qg8 52. Nf4 Bf7
53. Qf5+ Kh8 54. Ng6+ Bxg6 55. Qxg6 Qd5 56. Qe8+ Kh7 57. Qe4+ Qxe4 58. fxe4 g5
59. b4 h5 60. b5 h4 61. b6 g4 62. b7 h3 63. gxh3 gxh3 64. b8=Q {Black resigns}
1-0

[Event "Team 45 45 League T94"]
[Site "Internet Chess Club"]
[Date "2022.11.06"]
[Round "4"]
[White "MrAbendroth"]
[Black "ivanson"]
[Result "1-0"]
[WhiteElo "1610"]
[BlackElo "1599"]
[Opening "Ruy Lopez: Anderssen variation"]
[ECO "C77"]
[Time "13:00:21"]
[PlyCount "85"]
[TimeControl "2700+45"]

1. e4 e5 2. Nf3 Nc6 3. Bb5 a6 4. Ba4 Nf6 5. d3 b5 6. Bb3 Be7 7. c3 d6 8. h3 O-O
9. O-O Na5 10. Bc2 c5 11. Qe2 Nc6 12. Re1 Re8 13. Be3 h6 14. Nbd2 Bf8 15. Nf1
Qc7 16. Ng3 Bd7 17. Nh4 d5 18. Qf3 d4 19. Bxh6 Nxe4 20. Nxe4 gxh6 21. Nf6+ Kh8
22. Nxe8 Bxe8 23. Ng6+ fxg6 24. Qxf8+ Kh7 25. Qf6 Bf7 26. Bd1 Rd8 27. Bf3 Rd6
28. Qh4 dxc3 29. bxc3 Rxd3 30. Bxc6 Qxc6 31. Rxe5 Qd6 32. Rae1 Rxc3 33. Re7 Kg7
34. Qe4 Kg8 35. Rxf7 Kxf7 36. Qe8+ Kg7 37. Re7+ Kf6 38. Qf8+ Kg5 39. h4+ Kh5 40.
g4+ Kxg4 41. Re4+ Kh3 42. Qc8+ Qd7 43. Qxd7# {Black checkmated} 1-0

[Event "Team 45 45 League T94"]
[Site "Internet Chess Club"]
[Date "2022.11.05"]
[Round "4"]
[White "RD1974"]
[Black "Redman1"]
[Result "0-1"]
[WhiteElo "1596"]
[BlackElo "1582"]
[Opening "Two knights defense (Modern bishop's opening)"]
[ECO "C55"]
[Time "10:03:50"]
[PlyCount "122"]
[TimeControl "2700+45"]

1. e4 e5 2. Nf3 Nc6 3. Bc4 Nf6 4. d3 Be7 5. c3 d6 6. Nbd2 O-O 7. Nf1 Na5 8. Bb5
a6 9. Ba4 b5 10. Bc2 c5 11. Ne3 h6 12. O-O Be6 13. d4 Qc7 14. d5 Bd7 15. b3 c4
16. b4 Nb7 17. Bb2 a5 18. a3 g6 19. h3 Ne8 20. g4 Ng7 21. Kh2 h5 22. Rg1 f6 23.
Nh4 Kf7 24. gxh5 g5 25. h6 Rh8 26. hxg7 Rxh4 27. Nf5 Bxf5 28. exf5 Kxg7 29. Rg4
Rah8 30. Rxh4 Rxh4 31. f3 Qd8 32. Qg1 Qh8 33. Qg3 Bd8 34. Bc1 a4 35. Be3 Be7 36.
Rh1 Nd8 37. Kg2 Nf7 38. Qe1 Nh6 39. Bf2 Rh5 40. Qe4 Nf7 41. Qe3 Qb8 42. Bg3 Bd8
43. Qe4 Bb6 44. Qg4 Rh7 45. h4 Qh8 46. h5 Be3 47. f4 Bxf4 48. Bxf4 exf4 49. Qe2
Ne5 50. Be4 g4 51. Qf2 f3+ 52. Kf1 Rxh5 53. Qa7+ Nf7 54. Rxh5 Qxh5 55. Qg1 Qh4
56. Bxf3 Qh3+ 57. Bg2 Qd3+ 58. Kf2 g3+ 59. Ke1 Qxc3+ 60. Ke2 Qd3+ 61. Ke1 Qb1+
{White resigns} 0-1

[Event "Team 45 45 League T94"]
[Site "Internet Chess Club"]
[Date "2022.11.06"]
[Round "4"]
[White "LoseOften"]
[Black "vollmerj"]
[Result "1-0"]
[WhiteElo "1654"]
[BlackElo "1467"]
[Opening "Sicilian: closed"]
[ECO "B23"]
[Time "06:38:08"]
[PlyCount "41"]
[TimeControl "2700+45"]

1. e4 c5 2. Nc3 g6 3. d4 cxd4 4. Qxd4 Nf6 5. Be3 Nc6 6. Qd2 Bg7 7. f3 O-O 8.
Nge2 d6 9. Nf4 a6 10. h4 h5 11. O-O-O b5 12. Be2 Bb7 13. g4 b4 14. Ncd5 hxg4 15.
h5 g5 16. h6 gxf4 17. hxg7 fxe3 18. Qxe3 Nxd5 19. Rh8+ Kxg7 20. Qg5+ Kxh8 21.
Rh1# {Black checkmated} 1-0

[Event "Team 45 45 League T94"]
[Site "Internet Chess Club"]
[Date "2022.11.04"]
[Round "4"]
[White "clarinetref"]
[Black "mongmong"]
[Result "0-1"]
[WhiteElo "1499"]
[BlackElo "1519"]
[Opening "French: Winawer (Nimzovich) variation"]
[ECO "C15"]
[Time "20:04:58"]
[PlyCount "150"]
[TimeControl "2700+45"]

1. e4 e6 2. d4 d5 3. Nc3 Bb4 4. exd5 exd5 5. Bd3 Nc6 6. Ne2 Nge7 7. a3 Bxc3+ 8.
bxc3 Bf5 9. O-O Qd7 10. Bb2 O-O-O 11. c4 Bxd3 12. Qxd3 dxc4 13. Qxc4 Nf5 14.
Rfd1 f6 15. Qa4 Kb8 16. Rab1 Nce7 17. Qb3 Nd6 18. c4 b6 19. a4 Nb7 20. Bc3 Nc6
21. d5 Nca5 22. Bxa5 Nxa5 23. Qb4 Ka8 24. Nd4 Qd6 25. Qxd6 Rxd6 26. Ne6 Nxc4 27.
Nxc7+ Kb7 28. Nb5 Rd7 29. Rd4 Nd6 30. Nc3 Rhd8 31. a5 Nc8 32. axb6 axb6 33. f3
Rc7 34. Nb5 Rc5 35. Rh4 h6 36. Rg4 g5 37. h4 Rdxd5 38. Nd4 Rc4 39. Ne6 Rxg4 40.
fxg4 Re5 41. Nf8 Re4 42. hxg5 hxg5 43. Nd7 Rxg4 44. Nxf6 Rd4 45. Nh7 g4 46. g3
Nd6 47. Ng5 b5 48. Ne6 Rc4 49. Rd1 Kc6 50. Nd4+ Kb6 51. Ne6 Ne4 52. Kg2 Rc2+ 53.
Kg1 Nxg3 54. Rd3 Rc3 55. Rd6+ Rc6 56. Rxc6+ Kxc6 57. Kg2 Nf5 58. Nf4 Kc5 59.
Nd3+ Kd4 60. Nb4 Kc4 61. Nc2 b4 62. Kf2 b3 63. Na3+ Kc3 64. Nb1+ Kb2 65. Nd2 Kc2
66. Nxb3 Kxb3 67. Ke2 Kc3 68. Kf2 Kd3 69. Kg2 Ke2 70. Kg1 g3 71. Kg2 Ke1 72. Kg1
Ne3 73. Kh1 g2+ 74. Kg1 Ke2 75. Kh2 Kf1 {White resigns} 0-1

[Event "Team 45 45 League T94"]
[Site "Internet Chess Club"]
[Date "2022.11.06"]
[Round "4"]
[White "Kingofknights"]
[Black "herrahuu"]
[Result "1-0"]
[WhiteElo "1543"]
[BlackElo "1465"]
[Opening "Benkö gambit half accepted"]
[ECO "A57"]
[Time "11:00:13"]
[PlyCount "76"]
[TimeControl "2700+45"]

1. d4 c5 2. d5 Nf6 3. c4 b5 4. cxb5 a6 5. b6 e6 6. dxe6 fxe6 7. Nc3 Nc6 8. e4
Be7 9. Nf3 O-O 10. h3 d5 11. exd5 exd5 12. Be2 Be6 13. O-O Qxb6 14. Re1 Bf7 15.
Ng5 Rad8 16. Nxf7 Rxf7 17. Bf3 d4 18. Ne4 Nxe4 19. Bxe4 Rdf8 20. Bd5 c4 21. Bxc4
Kh8 22. Bxf7 Rxf7 23. Qb3 Qxb3 24. axb3 Nb4 25. Ra5 Nd3 26. Rd1 Nxf2 27. Rxd4 h6
28. Rf4 Rxf4 29. Bxf4 Nd3 30. Bg3 Nxb2 31. Rxa6 Nd3 32. Kf1 Nc5 33. Ra7 Bf8 34.
b4 Ne4 35. Be5 Nd2+ 36. Ke2 Ne4 37. Kd3 Nd6 38. Bxd6 Bxd6 {Black resigns} 1-0

[Event "Team 45 45 League T94"]
[Site "Internet Chess Club"]
[Date "2022.11.08"]
[Round "4"]
[White "kabubi"]
[Black "woofgang"]
[Result "1/2-1/2"]
[WhiteElo "1157"]
[BlackElo "1174"]
[Opening "King's pawn opening"]
[ECO "B07"]
[Time "20:01:52"]
[PlyCount "80"]
[TimeControl "2700+45"]

1. e4 d6 2. d3 Nf6 3. Nd2 Nbd7 4. g3 e5 5. Bg2 Be7 6. Ngf3 c6 7. O-O Qc7 8. c3
h6 9. Qe2 g5 10. h3 Nf8 11. Re1 Ng6 12. Kh2 Be6 13. Nf1 O-O-O 14. d4 g4 15. dxe5
dxe5 16. Ng1 h5 17. Bg5 Nh7 18. Bxe7 Qxe7 19. Ne3 Ng5 20. h4 Nh7 21. f3 Nxh4 22.
fxg4 Nxg2 23. Kxg2 h4 24. Nh3 Ng5 25. Rh1 Rdg8 26. Nf5 Qc5 27. Rad1 Nxe4 28.
Qxe4 Bd5 29. Rxd5 cxd5 30. Qxe5 Re8 31. Nd6+ Kd7 32. Nxe8 Rxe8 33. Qf5+ Kc6 34.
Qf6+ Kb5 35. Qf1+ Kc6 36. Qf6+ Kb5 37. Qf1+ Kc6 38. Qf6+ Kb5 39. Qf1+ Kc6 40.
Qf6+ Kb5 {Game drawn by repetition} 1/2-1/2

[Event "Team 45 45 League T94"]
[Site "Internet Chess Club"]
[Date "2022.11.06"]
[Round "4"]
[White "tightfist"]
[Black "oldsj"]
[Result "1-0"]
[WhiteElo "1487"]
[BlackElo "1465"]
[Opening "English opening"]
[ECO "A30"]
[Time "17:02:07"]
[PlyCount "121"]
[TimeControl "2700+45"]

1. Nf3 Nf6 2. c4 c5 3. Nc3 e6 4. e4 d6 5. d3 Nc6 6. Be2 Be7 7. O-O O-O 8. Bf4 e5
9. Bg5 h6 10. Bxf6 Bxf6 11. h3 Ne7 12. Qc2 Bd7 13. a4 Nc6 14. Nd5 Rc8 15. Nd2 a5
16. f4 Nb4 17. Nxb4 cxb4 18. fxe5 dxe5 19. Nb3 b6 20. Rf3 Bg5 21. Nd2 b5 22. b3
bxa4 23. bxa4 Qb6+ 24. Kh1 Be3 25. Nb3 Bc6 26. c5 Bxc5 27. Qxc5 Qb8 28. Qf2 Bd7
29. Nxa5 Rc2 30. Nc4 b3 31. Qe1 Bxa4 32. Rxa4 b2 33. Nxb2 Qxb2 34. Bf1 Rfc8 35.
Rc4 R8xc4 36. dxc4 Rc1 37. Qa5 Qe2 38. Qxe5 Rxf1+ 39. Rxf1 Qxf1+ 40. Kh2 Qxc4
41. Qe8+ Kh7 42. h4 Qe6 43. Qxe6 fxe6 44. h5 e5 45. Kh3 g6 46. Kg4 Kg7 47. g3
Kf6 48. hxg6 Kxg6 49. Kh4 h5 50. g4 hxg4 51. Kxg4 Kf6 52. Kh5 Kf7 53. Kg5 Kg7
54. Kf5 Kf7 55. Kxe5 Ke7 56. Kf5 Kf7 57. Ke5 Ke7 58. Kd5 Kd7 59. e5 Ke7 60. e6
Kd8 61. Kd6 {Black resigns} 1-0

[Event "Team 45 45 League T94"]
[Site "Internet Chess Club"]
[Date "2022.11.07"]
[Round "4"]
[White "Andressa"]
[Black "olivermx"]
[Result "0-1"]
[WhiteElo "1325"]
[BlackElo "1340"]
[Opening "Four knights: Italian variation"]
[ECO "C47"]
[Time "22:39:59"]
[PlyCount "74"]
[TimeControl "2700+45"]

1. e4 e5 2. Nf3 Nc6 3. Nc3 Nf6 4. Bc4 Nxe4 5. Nxe4 d5 6. Bxd5 Qxd5 7. Nc3 Qd8 8.
d3 Bd6 9. O-O Bg4 10. h3 Bh5 11. Re1 O-O 12. Ne4 f6 13. a3 Qd7 14. b4 Nd4 15.
Kh2 Nxf3+ 16. gxf3 Qc6 17. Re3 h6 18. c4 Qd7 19. Ng3 Bg6 20. Qg1 c5 21. b5 b6
22. a4 Bc7 23. Ne2 Bf5 24. Qg2 e4+ 25. f4 exd3 26. Ng3 Be6 27. Qe4 Rfe8 28. Rxd3
Qf7 29. Rc3 Bxh3 30. Qf3 Be6 31. Qh5 Rad8 32. Qxf7+ Bxf7 33. Be3 g5 34. fxg5
hxg5 35. Kg2 Kh7 36. Nf5 Kg6 37. Ng3 Be5 {White resigns} 0-1

[Event "Team 45 45 League T94"]
[Site "Internet Chess Club"]
[Date "2022.11.09"]
[Round "4"]
[White "axelcaffe2010"]
[Black "Gilguli"]
[Result "1/2-1/2"]
[WhiteElo "1214"]
[BlackElo "1376"]
[Opening "King's pawn game"]
[ECO "C50"]
[Time "16:00:49"]
[PlyCount "95"]
[TimeControl "2700+45"]

1. e4 e5 2. Nf3 Nc6 3. Bc4 g6 4. d3 Bg7 5. Ng5 Nh6 6. Nc3 O-O 7. Be3 d6 8. h3
Kh8 9. O-O f6 10. Ne6 Bxe6 11. Bxe6 f5 12. exf5 gxf5 13. Bxh6 Bxh6 14. Qh5 Qf6
15. Bxf5 Rg8 16. Be4 Rg5 17. Qf3 Qe6 18. Kh2 Nd4 19. Qd1 c6 20. Bf3 Nxf3+ 21.
Qxf3 Rf8 22. Qe2 Rfg8 23. Rg1 R5g6 24. g3 Bg5 25. Ne4 Be7 26. g4 d5 27. Ng3 Bg5
28. Nh5 Rf8 29. f3 Bf4+ 30. Nxf4 exf4 31. Qxe6 Rxe6 32. Rae1 Rfe8 33. Ref1 Re2+
34. Rg2 Kg7 35. h4 Kf6 36. h5 Rxg2+ 37. Kxg2 Re2+ 38. Rf2 Re1 39. c3 c5 40. Rd2
b6 41. c4 d4 42. b3 a6 43. Kf2 Re3 44. a4 Ke6 45. Re2 Kf6 46. Rd2 Ke6 47. Re2
Kf6 48. Rd2 {Game drawn by repetition} 1/2-1/2

[Event "Team 45 45 League T94"]
[Site "Internet Chess Club"]
[Date "2022.11.03"]
[Round "4"]
[White "NATYNL09"]
[Black "GINGERsar"]
[Result "0-1"]
[WhiteElo "1141"]
[BlackElo "1178"]
[Opening "Giuoco Pianissimo: Italian four knights variation"]
[ECO "C50"]
[Time "18:59:48"]
[PlyCount "50"]
[TimeControl "2700+45"]

1. e4 e5 2. Nf3 Nc6 3. Bc4 Bc5 4. Nc3 Nf6 5. d3 h6 6. Be3 d6 7. h3 Be6 8. O-O
Qd7 9. Bxe6 fxe6 10. Qd2 O-O-O 11. Na4 Bd4 12. Rad1 g5 13. Nxd4 Nxd4 14. Nc3
Rdg8 15. Qc1 Nh5 16. b4 Nf4 17. Qa3 Kb8 18. Rd2 Qg7 19. Qa4 g4 20. hxg4 Qxg4 21.
g3 Qh3 22. f3 Qxg3+ 23. Kh1 Qh3+ 24. Rh2 Qxf1+ 25. Bg1 Qxg1# {White checkmated}
0-1

[Event "Team 45 45 League T94"]
[Site "Internet Chess Club"]
[Date "2022.11.03"]
[Round "4"]
[White "julesraider"]
[Black "ARMAND02019"]
[Result "1/2-1/2"]
[WhiteElo "1573"]
[BlackElo "1590"]
[Opening "QGD: 4.Nf3"]
[ECO "D37"]
[Time "22:07:18"]
[PlyCount "41"]
[TimeControl "2700+45"]

1. d4 e6 2. c4 Nf6 3. Nc3 d5 4. Nf3 Be7 5. e3 O-O 6. Qc2 Nc6 7. a3 h6 8. Be2 b6
9. O-O Bb7 10. b4 a5 11. b5 Nb8 12. Ne5 Nfd7 13. f4 c5 14. bxc6 Nxc6 15. cxd5
Ncxe5 16. fxe5 exd5 17. Nb5 Rc8 18. Qb3 Nb8 19. Na7 Rc7 20. Nb5 Rc8 21. Na7
{Game drawn by mutual agreement} 1/2-1/2

[Event "Team 45 45 League T94"]
[Site "Internet Chess Club"]
[Date "2022.11.07"]
[Round "4"]
[White "sdcohle"]
[Black "xingon"]
[Result "1/2-1/2"]
[WhiteElo "1308"]
[BlackElo "1299"]
[Opening "Sicilian: Steinitz variation"]
[ECO "B20"]
[Time "17:40:36"]
[PlyCount "103"]
[TimeControl "2700+45"]

1. e4 c5 2. g3 Nc6 3. Bg2 g6 4. Ne2 Bg7 5. O-O d6 6. c3 e5 7. d3 Nge7 8. f4 O-O
9. fxe5 Nxe5 10. h3 f5 11. Nd2 fxe4 12. Nxe4 Rxf1+ 13. Qxf1 Nxd3 14. Nf4 Nxc1
15. Rb1 Nxa2 16. Rd1 Be5 17. Qc4+ Kg7 18. Qxa2 Bxf4 19. gxf4 d5 20. Nxc5 Qb6 21.
b4 Qf6 22. Qd2 b6 23. Bxd5 Nxd5 24. Qxd5 Qxc3 25. Qxa8 Qe3+ 26. Kh1 Qxh3+ 27.
Kg1 Qg4+ 28. Kf2 Qxd1 29. Qxc8 Qd4+ 30. Kg3 Qe3+ 31. Kg2 Qe2+ 32. Kg3 Qe1+ 33.
Kf3 Qh1+ 34. Kg3 bxc5 35. Qxc5 Qe1+ 36. Kf3 Qf1+ 37. Kg3 Qd3+ 38. Kh4 Qd8+ 39.
Kg3 Qd7 40. Qe5+ Kf8 41. Qh8+ Ke7 42. Qxh7+ Kd8 43. Qxd7+ Kxd7 44. Kg4 Ke6 45.
Kg5 Kf7 46. b5 Kg7 47. f5 gxf5 48. Kxf5 Kf7 49. Ke5 Ke7 50. Kd5 Kd7 51. Kc5 Kc7
52. Kb4 {Game drawn by mutual agreement} 1/2-1/2

[Event "Team 45 45 League T94"]
[Site "Internet Chess Club"]
[Date "2022.11.04"]
[Round "4"]
[White "Balderdash"]
[Black "Tjet"]
[Result "0-1"]
[WhiteElo "1207"]
[BlackElo "1233"]
[Opening "King's pawn opening"]
[ECO "B07"]
[Time "19:11:03"]
[PlyCount "118"]
[TimeControl "2700+45"]

1. e4 d6 2. Nf3 Nf6 3. Nc3 g6 4. d3 Bg7 5. Be3 Bg4 6. h3 Bxf3 7. Qxf3 c6 8.
O-O-O Nbd7 9. d4 O-O 10. g4 e5 11. g5 Ne8 12. h4 exd4 13. Bxd4 Qa5 14. Bxg7 Kxg7
15. h5 Ne5 16. h6+ Kg8 17. Qe2 Rd8 18. f4 Nd7 19. Qd2 b5 20. f5 b4 21. Nb1 Ne5
22. Na3 d5 23. Qd4 Nf3 24. Qe3 bxa3 25. Qxa3 Qxa3 26. bxa3 Nxg5 27. exd5 cxd5
28. Bg2 Nc7 29. f6 Ne4 30. Rhe1 Nxf6 31. Re7 Nb5 32. Re5 Ng4 33. Rg5 Nxh6 34.
Bxd5 Nc3 35. Rd3 Nxd5 36. Rgxd5 Rxd5 37. Rxd5 Kg7 38. Rd7 Ra8 39. Rc7 a5 40. c4
Nf5 41. Kb2 h5 42. Kc3 h4 43. Rd7 g5 44. c5 Rc8 45. Kc4 h3 46. Kb5 Kg6 47. c6 g4
48. Kb6 h2 49. Rd1 g3 50. Kb7 Rxc6 51. Kxc6 g2 52. Rd5 g1=Q 53. Rxa5 h1=Q+ 54.
Kb5 Qb1+ 55. Kc5 Qhc1+ 56. Kd5 Qd2+ 57. Kc6 Qxa5 58. a4 Qbb6+ 59. Kd7 Qaa7+
{White resigns} 0-1

[Event "Team 45 45 League T94"]
[Site "Internet Chess Club"]
[Date "2022.11.05"]
[Round "4"]
[White "WzeroMN"]
[Black "pandaknight"]
[Result "0-1"]
[WhiteElo "947"]
[BlackElo "1069"]
[Opening "Caro-Kann: advance variation"]
[ECO "B12"]
[Time "14:00:31"]
[PlyCount "106"]
[TimeControl "2700+45"]

1. e4 c6 2. d4 d5 3. e5 Bf5 4. Bd3 Bxd3 5. Qxd3 e6 6. Nf3 Ne7 7. O-O Nd7 8. Bg5
h6 9. Bd2 c5 10. c3 Nc6 11. Na3 c4 12. Qc2 a6 13. b4 b5 14. Rab1 Be7 15. Qb2 O-O
16. Nc2 Qc7 17. Ne3 Rfb8 18. a3 a5 19. Ra1 Qa7 20. Nc2 Qb6 21. Rfb1 axb4 22.
axb4 Qb7 23. Rxa8 Rxa8 24. Ra1 Ra6 25. Rxa6 Qxa6 26. Qa1 Qxa1+ 27. Nxa1 f6 28.
exf6 Bxf6 29. Nc2 e5 30. Ne3 Nb6 31. dxe5 Nxe5 32. Nxe5 Bxe5 33. Ng4 Bd6 34. g3
Kf7 35. Bf4 Bxf4 36. gxf4 Na4 37. Ne5+ Ke6 38. Kf1 Nxc3 39. Ke1 d4 40. Kd2 Kf5
41. Nf3 Ke4 42. Ne1 Nd5 43. Nc2 c3+ 44. Kd1 d3 45. Na3 Kd4 46. Nxb5+ Kc4 47.
Nd6+ Kxb4 48. Ne4 Kb3 49. f5 Kb2 50. Nxc3 Kxc3 51. h4 d2 52. h5 Kd3 53. f3 Nc3#
{White checkmated} 0-1